AoeStats
← Tysanti

Arena

509986933Analyzed
1v1 RM · 3d ago on Sep 28, 2026· 111m 22s· 2 players
Game mode
Random Map
Map size
Tiny (2 player)
Population
200
Speed
Normal
Resources
Standard
Victory
Conquest
Starting age
Dark Age
Ending age
Imperial Age
RankedLock teamsTeams togetherTeam positionsShared explorationLock speedFull tech treeHidden civsTurbo modeCheats
Victory
Defeat
🇦🇷 Khmer · Argentina
223
+19
🇦🇷 Burgundians · Argentina
289
-19
Tysanti
11:59 Feudal Age
13:28 Loom
21:30 Castle Age
20:06 Wheelbarrow
20:01 Double-Bit Axe
20:09 Horse Collar
21:26 Gold Mining
21:27 Stone Mining
23:20 Heavy Plow
25:19 Hand Cart
25:55 Bow Saw
30:41 Gold Shaft Mining
30:41 Stone Shaft Mining
34:05 Imperial Age
31:25 Town Watch
34:48 Double Crossbow
36:30 Town Patrol
37:28 Elite Ballista Elephant
40:26 Forging
40:40 Ballistics
44:07 Tusk Swords
44:03 Fletching
46:59 Chemistry
45:50 Guard Tower
46:56 Crop Rotation
47:10 Masonry
47:42 Heated Shot
49:08 Bodkin Arrow
49:49 Iron Casting
50:13 Bracer
51:47 Hoardings
55:01 Blast Furnace
54:08 Scale Barding Armor
54:05 Cavalier
54:06 Light Cavalry
54:48 Husbandry
55:41 Hussar
56:32 Bloodlines
65:09 Architecture
65:15 Keep
64:37 Murder Holes
65:08 Chain Barding Armor
66:06 Heavy Scorpion
66:16 Capped Ram
69:12 Sappers
73:32 Conscription
79:02 Plate Barding Armor
80:46 Siege Engineers
80:53 Fortified Wall
PoGy
3:59 Double-Bit Axe
5:29 Wheelbarrow
5:22 Loom
11:13 Stone Mining
11:51 Gold Mining
14:17 Feudal Age
15:58 Hand Cart
15:29 Town Watch
15:59 Bow Saw
21:42 Stone Shaft Mining
21:55 Gold Shaft Mining
28:26 Castle Age
25:55 Man-at-Arms
29:21 Town Patrol
29:19 Horse Collar
29:16 Long Swordsman
33:49 Scale Mail Armor
33:59 Forging
36:10 Heavy Plow
36:24 Arson
36:41 Squires
38:14 Two-Man Saw
39:28 Burgundian Vineyards
39:48 Herbal Medicine
41:28 Crop Rotation
43:32 Chain Mail Armor
43:23 Scale Barding Armor
43:54 Iron Casting
45:57 Imperial Age
43:37 Scale Barding Armor
43:48 Chain Mail Armor
44:08 Iron Casting
46:07 Chain Barding Armor
46:12 Sanctity
47:04 Conscription
47:28 Fortified Wall
47:20 Murder Holes
47:06 Treadmill Crane
47:32 Capped Ram
51:07 Chemistry
49:59 Guard Tower
50:03 Arrowslits
50:08 Elite Coustillier
51:34 Masonry
51:51 Block Printing
51:07 Two-Handed Swordsman
53:51 Blast Furnace
53:22 Plate Mail Armor
55:28 Pikeman
56:05 Halberdier
56:07 Champion
60:19 Architecture
61:17 Plate Barding Armor
61:32 Ballistics
64:00 Hoardings
73:26 Onager
91:26 Coinage
91:07 Guilds
93:20 Padded Archer Armor
93:11 Fletching
96:58 Leather Archer Armor
96:39 Bodkin Arrow
102:36 Elite Skirmisher
106:30 Flemish Revolution
106:36 Flemish Revolution
108:06 Champion
110:07 Sappers
Connection lost

Rejoining the realm…

Still unreachable

The connection could not be restored.

Session expired

The server has moved on; the page needs a fresh start.